 Dungeon Sprint DCSS version 0.30-a0-1116-gebefce21f7 (webtiles) character file.

Game seed: 4159665409811297661

1181 fozzywoppz the Spear-Bearer (level 8, -2/72 HPs)
             Began as a Merfolk Gladiator on Apr 21, 2023.
             Was a Believer of Okawaru.
             Shot with an arrow by a centaur warrior (12 damage)
             ... in the Dungeon (Sprint IX: "|||||||||||||||||||||||||||||").
             The game lasted 00:03:59 (253 turns).

fozzywoppz the Spear-Bearer (Merfolk Gladiator)      Turns: 253, Time: 00:03:59

Health: -2/72      AC: 10    Str: 17    XL:     8   Next: 42%
Magic:  8/8        EV: 20    Int:  7    God:    Okawaru [**....]
Gold:   0          SH:  0    Dex: 15    Spells: 7/7 levels left

rFire   . . .      SeeInvis .    t - +2 halberd (venom)
rCold   . . .      Faith    .    (shield currently unavailable)
rNeg    . . .      Spirit   .    s - +2 ring mail
rPois   .          Reflect  .    c - +0 helmet
rElec   .          Rampage  .    (no cloak)
rCorr   .          NoTele   +    r - +0 pair of gloves
Will    .....                    q - +0 pair of boots
Stlth   +                        (no amulet)
HPRegen 0.32/turn                o - +2 ring of evasion
MPRegen 0.11/turn                p - +2 ring of evasion

@: no status effects
A: (nimble swimmer 2), mertail
a: Renounce Religion, Heroism


You were in the Dungeon.
You worshipped Okawaru.
Okawaru was pleased with you.
You visited 1 branch

Inventory:

Hand Weapons
 a - a +0 trident
 b - the +8 arc blade {discharge, rElec}
   (You found it in the Dungeon)

   rElec:     It insulates you from electricity.
 t - a +2 halberd of venom (weapon)
Missiles
 d - 3 throwing nets (quivered)
 e - a javelin
Armour
 c - a +0 helmet (worn)
 q - a +0 pair of boots (worn)
 r - a +0 pair of gloves (worn)
 s - a +2 ring mail (worn)
Jewellery
 o - a +2 ring of evasion (left hand)
 p - a +2 ring of evasion (right hand)
Wands
 n - a wand of iceblast (8)
Scrolls
 k - a scroll of blinking
 m - 2 scrolls of amnesia
Potions
 f - 5 potions of curing
 g - a potion of invisibility
 i - 4 potions of magic
 j - a potion of berserk rage
 l - a potion of heal wounds


   Skills:
 + Level 10.2 Fighting
 + Level 12.4 Polearms
 + Level 9.3 Throwing
 + Level 12.4 Dodging


You had 7 spell levels left.
You didn't know any spells.
Your spell library was empty.

Dungeon Overview and Level Annotations

Branches:
Dungeon (1/1)

Altars:
Cheibriados
Dithmenos
Elyvilon
Fedhas
Gozag
Hepliaklqana
Kikubaaqudgha
Makhleb
Nemelex Xobeh
Okawaru
Qazlal
Ru
Sif Muna
Trog
Uskayaw
Vehumet
Wu Jian
Xom
Yredelemnul
Zin
The Shining One
Jiyva
Lugonu


Innate Abilities, Weirdness & Mutations

((You are very nimble when in or above water. (Stealth+, EV+, Speed+++)))
Your lower body shifts to a powerful aquatic tail in water.


Message History

Unknown command.
Blink to where?
Press: ? - help, Dir - move target, p - troll
As you read the scroll of blinking, it crumbles to dust.
Okay, then.
You feel yourself slow down.
You see here a +0 shortbow.
You swing at nothing.
You swing at nothing.
You swing at nothing.
You swing at nothing.
You kill the troll!
Okawaru accepts your kill.
The centaur warrior wields a +0 shortbow.
The centaur warrior shoots an arrow.
The arrow barely misses you.
Your Fighting skill increases to level 10!
Your Dodging skill increases to level 12!
Aiming: Iceblast
Press: ? - help, Shift-Dir - straight line, f - centaur warrior
Aim: a centaur warrior, wielding a +0 shortbow The mass of ice explodes!
The iceblast engulfs the centaur warrior!
The centaur warrior is moderately wounded.
The iceblast engulfs the centaur warrior!
The centaur warrior is moderately wounded.
The centaur warrior shoots an arrow.
The arrow completely misses you.
The centaur warrior shoots an arrow.
The arrow barely misses you.
Aiming: Iceblast
Press: ? - help, Shift-Dir - straight line, f/p - centaur warrior
Aim: a centaur warrior, wielding a +0 shortbow (lightly wounded)
The mass of ice explodes!
The iceblast engulfs the centaur warrior!
The centaur warrior is moderately wounded.
The iceblast engulfs the centaur warrior!
The centaur warrior is heavily wounded.
The centaur warrior shoots an arrow.
The arrow hits you!
* * * LOW HITPOINT WARNING * * *
The centaur warrior shoots an arrow.
The arrow completely misses you.
The centaur warrior shoots an arrow.
The arrow hits you!
You die...

▓y▓
▓T▓
▓c▓
▓c▓
▓.▓
▓†▓
▓)▓
▓)▓
▓@▓
▓.▓
▓.▓
▓[▓
▓.▓
▓.▓
▓.▓
▓)▓
▓.▓


You could see 2 centaur warriors and a troll.

Vanquished Creatures
  A kobold demonologist (D)
  A troll (D)
  A hornet (D)
  2 yaks (D)
  A centaur (D)
  A killer bee (D)
  A hound (D)
  An iguana (D)
  An ufetubus (D)
  An orc (D)
  A bat (D)
  A hobgoblin (D)
  A jackal (D)
  3 quokkas (D)
17 creatures vanquished.

Notes
Turn   | Place    | Note
-------+----------+-------------------------------------------
     0 | D        | fozzywoppz the Merfolk Gladiator began the quest for the
                  | Orb.
     0 | D        | Reached XP level 1. HP: 16/16 MP: 1/1
    32 | D        | Reached XP level 2. HP: 17/24 MP: 2/2
    73 | D        | Reached skill level 5 in Polearms
    73 | D        | Reached skill level 5 in Dodging
    73 | D        | Reached XP level 3. HP: 20/30 MP: 3/3
    95 | D        | Reached XP level 4. HP: 38/38 MP: 4/4
   101 | D        | Found a snail-covered altar of Cheibriados.
   101 | D        | Found a shadowy altar of Dithmenos.
   101 | D        | Found a white marble altar of Elyvilon.
   101 | D        | Found a blossoming altar of Fedhas.
   101 | D        | Found an opulent altar of Gozag.
   102 | D        | Found a hazy altar of Hepliaklqana.
   103 | D        | Found a viscous altar of Jiyva.
   104 | D        | Found an ancient bone altar of Kikubaaqudgha.
   105 | D        | Found a corrupted altar of Lugonu.
   106 | D        | Found a burning altar of Makhleb.
   107 | D        | Found a sparkling altar of Nemelex Xobeh.
   108 | D        | Found an iron altar of Okawaru.
   109 | D        | Found a stormy altar of Qazlal.
   110 | D        | Found a sacrificial altar of Ru.
   111 | D        | Found a shimmering blue altar of Sif Muna.
   112 | D        | Found a bloodstained altar of Trog.
   113 | D        | Found a hide-covered altar of Uskayaw.
   114 | D        | Found a radiant altar of Vehumet.
   115 | D        | Found an ornate altar of the Wu Jian Council.
   116 | D        | Became a worshipper of Warmaster Okawaru
   117 | D        | Found a shimmering altar of Xom.
   118 | D        | Found a basalt altar of Yredelemnul.
   119 | D        | Found a glowing silver altar of Zin.
   120 | D        | Found a glowing golden altar of the Shining One.
   128 | D        | Found the +8 arc blade {discharge, rElec}
   188 | D        | Noticed a kobold demonologist
   188 | D        | Noticed a centaur
   188 | D        | Noticed a hornet
   188 | D        | Noticed a yak
   188 | D        | Noticed a yak
   197 | D        | Reached skill level 5 in Fighting
   204 | D        | Killed a yak
   204 | D        | Reached * piety under Okawaru
   205 | D        | Reached XP level 5. HP: 24/48 MP: 5/5
   205 | D        | Reached XP level 6. HP: 28/55 MP: 6/6
   209 | D        | Killed a yak
   210 | D        | Reached skill level 10 in Polearms
   210 | D        | Reached skill level 10 in Dodging
   212 | D        | Killed a hornet
   212 | D        | Reached ** piety under Okawaru
   213 | D        | Reached XP level 7. HP: 56/63 MP: 7/7
   230 | D        | Killed a kobold demonologist
   231 | D        | Reached XP level 8. HP: 55/72 MP: 8/8
   236 | D        | Noticed a deep elf pyromancer
   236 | D        | Noticed a troll
   236 | D        | Noticed a centaur warrior
   236 | D        | Noticed a centaur warrior
   236 | D        | Noticed a troll
   250 | D        | Killed a troll
   251 | D        | Reached skill level 10 in Fighting
   253 | D        | Shot with an arrow by a centaur warrior

Illustrated notes

Levels and vault maps discovered:
D:        linesprint [early_d, line_temple, items_1, d_10, items_2, lair_1,
          lair_end, items_3, orc_1, orc_end, items_4, d_15, swamp_1, shoals_1,
          snake_1, spider_1, d_20, vaults_1, items_5, swamp_end, shoals_end,
          snake_end, spider_end, vaults_end, d_27, items_6, zot_1, zot_end,
          crypt_end, forest_end, elf_end, slime_end, tomb_end, abyss_end,
          pan_hell_end]

Skill      XL: |  1  2  3  4  5  6  7  8 |
---------------+-------------------------+-----
Fighting       | 3 4 7 8 9 10 | 10.2
Polearms       | 5 6 9 11 12 | 12.4
Throwing       | 3 4 6 8 9 |  9.3
Dodging        | 5 6 9 10 11 12 | 12.4

Action                     |  1- 3 |  4- 6 |  7- 9 || total
---------------------------+-------+-------+-------++-------
  Melee: Trident           |    51 |       |       ||    51
         Halberd           |       |    22 |    21 ||    43
  Evoke: Wand              |       |       |     2 ||     2
    Use: Potion            |     1 |     2 |       ||     3
         Scroll            |       |       |     1 ||     1
 Armour: Leather armour    |     4 |       |       ||     4
         Ring mail         |       |     2 |     4 ||     6
  Dodge: Dodged            |    46 |    18 |    18 ||    82

Table legend: (Time is in decaauts)
 A = Elapsed time spent in this place.
 B = Non-inter-level travel time spent in this place.
 C = Inter-level travel time spent in this place.
 D = Time resting spent in this place.
 E = Time spent auto-exploring this place.
 F = Levels seen in this place.
 G = Mean time per level.
                   A        B        C        D        E       F      G
               +--------+--------+--------+--------+--------+-----+--------+
         Total |    235 |    235 |      0 |     27 |      0 |   1 |  235.0 |
       Dungeon |    235 |    235 |      0 |     27 |      0 |   1 |  235.0 |
               +--------+--------+--------+--------+--------+-----+--------+

Top non-repeatable levels by time:
       D: 235 daAuts
